 Dungeon Crawl Stone Soup version 0.15.2 (webtiles) character file.

2359 kae the Martial Artist (level 9, 0/64 HPs)
             Began as a Grey Draconian Transmuter on Dec 28, 2014.
             Was a Believer of Qazlal.
             Killed from afar by an electric eel (10 damage)
             ... with a bolt of electricity
             ... on Level 7 of the Dungeon.
             The game lasted 00:13:03 (10167 turns).

kae the Martial Artist (Grey Draconian Transmuter) Turns: 10167, Time: 00:13:04

HP   0/64        AC 14     Str 12      XL: 9   Next: 20%
MP  14/14        EV 12     Int 14      God: Qazlal [**....]
Gold 391         SH  2     Dex 15      Spells:  2 memorised,  8 levels left

rFire  . . .     SeeInvis .       - Unarmed
rCold  . . .     Clarity  .     (armour unavailable)
rNeg   . . .     rCorr    .     (no shield)
rPois  +         rRot     .     (helmet restricted)
rElec  .         Spirit   .     (no cloak)
SustAb .         Warding  .     n - +1 pair of gloves
rMut   .         Stasis   .     (no boots)
Gourm  +                        q - amulet of the gourmand
MR     .....                    (no ring)
                                x - ring of poison resistance

@: appendage, not resistant to hostile enchantments, very unstealthy
A: walk through water, unfitting armour, horns 2, unbreathing, cold-blooded, AC
+12
a: End Transformation, Upheaval, Renounce Religion


You were on level 7 of the Dungeon.
You worshipped Qazlal.
Qazlal was pleased with you.
You were hungry.
You had grown temporary horns.
You visited 2 branches of the dungeon, and saw 8 of its levels.

You collected 391 gold pieces.

Inventory:

Hand weapons
 f - a +1 hand axe
Missiles
 b - 99 arrows
 h - 14 arrows of frost
 D - 18 arrows of flame
Armour
 n - a +1 pair of gloves (worn)
Magical devices
 c - a wand of heal wounds (6)
Comestibles
 a - 7 bread rations
 i - a fruit
 j - 4 meat rations
 r - 2 beef jerkies
 B - 8 slices of pizza
Scrolls
 g - 2 scrolls of teleportation
 m - 4 scrolls of identify
 p - a scroll of recharging
 s - 3 scrolls of remove curse
Jewellery
 q - an amulet of the gourmand (around neck)
 x - a ring of poison resistance (left hand)
Potions
 e - 2 potions of heal wounds
 k - a potion of might {unknown}
 l - a potion of brilliance {unknown}
 o - 2 potions of flight {unknown}
 w - a potion of magic {unknown}
 z - 3 potions of cancellation {unknown}
 C - a potion of curing
 F - 2 potions of cure mutation
 I - a potion of invisibility {unknown}
Books
 d - a book of Changes

   Spells                             Type                      Level
   *Beastly Appendage                 Transmutation                1
   Sticks to Snakes                   Transmutation                2
   *Spider Form                       Transmutation/Poison         3
   Ice Form                           Ice/Transmutation            4
   Blade Hands                        Transmutation                5
 u - a book of Hinderance

   Spells                             Type                      Level
   Confusing Touch                    Hexes                        2
   Confuse                            Hexes                        3
   Petrify                            Transmutation/Earth          4
   Leda's Liquefaction                Hexes/Earth                  4
   Metabolic Englaciation             Hexes/Ice                    5
   Summon Mana Viper                  Hexes/Summoning              5


   Skills:
 - Level 1.1 Fighting
 - Level 1.7 Dodging
 * Level 10.6 Unarmed Combat
 - Level 2.0 Spellcasting
 + Level 7.3 Transmutations


You had 8 spell levels left.
You knew the following spells:

 Your Spells              Type           Power        Failure   Level  Hunger
a - Beastly Appendage     Trmt           ###...       1%          1    ##.....
b - Spider Form           Trmt/Pois      ##........   17%         3    ####...


Dungeon Overview and Level Annotations

Branches:
Dungeon (7/15)             Temple (1/1) D:4

Altars:
Ashenzari
Cheibriados
Dithmenos
Elyvilon
Fedhas
Kikubaaqudgha
Makhleb
Nemelex Xobeh
Okawaru
Qazlal
Sif Muna
Trog
Vehumet
Xom
Yredelemnul
Zin
The Shining One


Innate Abilities, Weirdness & Mutations

You can walk through water.
Your dull iron-grey scales are very hard (AC +12).
Your body does not fit into most forms of armour.
You can survive without breathing.
Your cold-blooded metabolism reacts poorly to cold.
You have a pair of horns on your head.


Message History

Moving in this stuff is going to be slow.
The electric eel shoots out a bolt of electricity!
The bolt of electricity hits you! 3 electric eels come into view.
The electric eel shoots out a bolt of electricity!
The bolt of electricity hits you!
You enter the shallow water.
Moving in this stuff is going to be slow.
The electric eel shoots out a bolt of electricity!
The bolt of electricity hits you!
* * * LOW HITPOINT WARNING * * *
The electric eel shoots out a bolt of electricity!
The bolt of electricity hits you!
* * * LOW HITPOINT WARNING * * *
The bolt of electricity hits the plant.
The electric eel shoots out a bolt of electricity!
The bolt of electricity misses you.
The electric eel shoots out a bolt of electricity!
The bolt of electricity hits you!
You die...

,,,,,,,** ***≈≈≈.≈♣♣# *,****
,,,**,,* *≈≈P.≈♣≈#* **,,,**
,,*≈≈*,*** #♣≈≈.P♣≈,*****,,,,,,
,,*≈≈**≈≈* **♣≈≈≈.≈≈♣*,,,,,,****,
,≈≈≈≈≈≈≈** *≈♣≈≈≈.≈≈♣≈,***,,* **
,*≈≈≈≈≈≈* **♣P≈≈.≈≈♣*,* **,* *
,≈≈≈≈≈≈≈*** ♣♣P≈P.≈≈♣*.# *,* *
,≈≈≈≈≈≈≈≈P♣♣♣≈≈≈≈.≈♣≈..# *,** *
,≈≈≈≈≈≈≈≈≈≈≈≈≈≈;@.≈≈#*,****,,* **
,,*≈≈≈≈≈≈≈≈≈≈≈≈≈≈§P##,,,,,*,,***,
,,,,,,,,,.............*,,,,,,,,,,
,,*≈≈≈≈≈≈≈≈≈≈;≈≈;....#..,,,,*,,,*
**≈≈≈≈≈≈≈≈≈≈≈≈≈≈≈≈♣....,,,,,,,,,,
**,*≈≈≈≈≈≈≈≈≈≈≈≈≈≈≈.....,,,,,,***
,,,,**≈≈≈≈≈≈≈≈≈P≈≈##...,,,,,*** *
,,,,*≈**≈≈≈≈≈≈≈≈≈##*#.,,,,,** *
,,,,******≈≈≈≈≈≈.#**,,,,**,,* *


You could see 3 electric eels.

Vanquished Creatures
  A human (D:7)
  The ghost of 4thArraOfDagon the Magician, an average OpWn of Cheibriados (D:4)
  A water moccasin (D:6)
  2 sky beasts
  An orc warrior (D:6)
  2 centaurs
  2 ogres (D:7)
  Blork the orc (D:5)
  3 giant frogs
  2 scorpions
  A hippogriff skeleton (D:5)
  A killer bee (D:7)
  A giant frog zombie (D:7)
  3 crimson imps
  The ghost of kae the Firebug, a weakling TeFE (D:3)
  A jelly (D:5)
  An orc priest (D:3)
  A gnoll shaman (D:4)
  2 orc wizards (D:3)
  An iguana (D:5)
  6 worker ants
  4 sheep (D:7)
  An ogre zombie (D:5)
  A hound skeleton (D:4)
  13 gnolls
  7 adders
  3 worms
  An adder skeleton (D:6)
  4 giant geckos
  14 orcs
  7 bats
  3 giant cockroaches
  16 goblins
  14 hobgoblins
  8 jackals
  13 giant newts
  A goblin skeleton (D:4)
  16 kobolds
  A kobold skeleton (D:6)
  A kobold zombie (D:3)
  12 rats
  A spectral orc (D:2)
176 creatures vanquished.

Notes
Turn   | Place    | Note
--------------------------------------------------------------
     0 | D:1      | kae, the Draconian Transmuter, began the quest for the Orb.
     0 | D:1      | Reached XP level 1. HP: 16/16 MP: 3/3
   172 | D:1      | Reached XP level 2. HP: 14/23 MP: 4/4
  1043 | D:1      | HP: 1/23 [giant gecko (1)]
  1045 | D:1      | Reached XP level 3. HP: 1/28 MP: 6/6
  1057 | D:1      | Reached skill level 4 in Unarmed Combat
  1627 | D:2      | Learned a level 3 spell: Spider Form
  1812 | D:2      | Reached XP level 4. HP: 35/35 MP: 7/7
  2256 | D:2      | Found a basalt altar of Yredelemnul.
  2786 | D:3      | Noticed kae's ghost (weakling TeFE)
  2795 | D:3      | Killed kae's ghost
  3008 | D:3      | Reached XP level 5. HP: 40/40 MP: 9/9
  3556 | D:3      | Reached skill level 5 in Unarmed Combat
  3933 | D:3      | Found a bloodstained altar of Trog.
  3975 | D:3      | Found an ancient bone altar of Kikubaaqudgha.
  4462 | D:3      | Found a burning altar of Makhleb.
  4699 | D:4      | Found a staircase to the Ecumenical Temple.
  4709 | Temple   | Entered the Ecumenical Temple
  4745 | Temple   | Became a worshipper of Qazlal Stormbringer
  4793 | D:4      | Reached XP level 6. HP: 44/47 MP: 10/10
  5269 | D:4      | Noticed 4thArraOfDagon's ghost (average OpWn)
  5277 | D:4      | Found an iron altar of Okawaru.
  5660 | D:4      | Reached skill level 6 in Unarmed Combat
  6211 | D:4      | Killed 4thArraOfDagon's ghost
  6211 | D:4      | Your scales start taking on a dull iron-grey colour.
  6211 | D:4      | Gained mutation: You can survive without breathing. [draconian maturity]
  6211 | D:4      | Reached XP level 7. HP: 37/52 MP: 6/12
  6337 | D:4      | Reached skill level 7 in Unarmed Combat
  6337 | D:4      | Reached skill level 5 in Transmutations
  6354 | D:4      | Acquired Qazlal's first power
  6719 | D:5      | Entered Level 5 of the Dungeon
  6808 | D:5      | Noticed Blork the orc
  6823 | D:5      | Killed Blork the orc
  7186 | D:5      | Reached skill level 8 in Unarmed Combat
  7490 | D:5      | Reached XP level 8. HP: 44/59 MP: 13/13
  7581 | D:6      | Acquired Qazlal's second power
  7882 | D:6      | Reached skill level 9 in Unarmed Combat
  9364 | D:7      | Found a shimmering altar of Xom.
  9430 | D:7      | Reached skill level 10 in Unarmed Combat
  9435 | D:7      | Reached XP level 9. HP: 40/64 MP: 14/14
 10167 | D:7      | Killed from afar by an electric eel

Action                   |  1- 3 |  4- 6 |  7- 9 || total
-------------------------+-------+-------+-------++-------
Melee: Unarmed           |    20 |    49 |   337 ||   406
       Hand axe          |   114 |   222 |       ||   336
 Cast: Spider Form       |       |     6 |     4 ||    10
       Beastly Appendage |       |       |     8 ||     8
  Use: Potion            |     1 |     2 |       ||     3
       Scroll            |       |     1 |    10 ||    11
  Eat: Chunk             |     2 |    11 |    14 ||    27
       Fruit             |       |     1 |       ||     1
       Bread ration      |       |     1 |       ||     1
       Beef jerky        |       |       |     1 ||     1
